[ AOE2 MATCH · #506215067 ]
UnrankedPersians vs Italians
Player's team · WIN
Rival team · LOSS
[ REPLAY ANALYSIS · EXTRACTED FROM THE RECORDED GAME ]
Feudal
14:09
Castle
28:07
Imperial
—
| APM avg | 56.1 |
| APM peak | 115 |
| eAPM avg | 23.8 |
| Villagers / military | 67 / 38 |
Focus
⚔️ 30.3% · 🌾 69.7%
Scout Cavalry ×33 · Militia ×5
Feudal
9:44
Castle
—
Imperial
—
| APM avg | 62.5 |
| APM peak | 112 |
| eAPM avg | 28.2 |
| Villagers / military | 74 / 67 |
Focus
⚔️ 40.6% · 🌾 59.4%
Scout Cavalry ×49 · Archer ×9 · Spearman ×9
Match map
Initial resources + every placement click. Lines = walls · curves = elevation contours. ◆ gold · ⬟ stone · ● berries · ✦ relic · ◌ wall gap
Your base· Open — 4t gap
Dkastro's base· Open — unwalled flank
Smoothed initial terrain · ◌ = detected wall gap · hover for details
Inputs per minute
— eduv - - Dkastro
Build order — eduv
First 150 of 206 actions detected
| 0:01 | Create | Villager (Male) |
| 0:02 | Create | Villager (Male) |
| 0:03 | Build | House |
| 0:04 | Build | House |
| 0:09 | Create | Villager (Male) |
| 0:09 | Create | Villager (Male) |
| 0:24 | Create | Villager (Male) |
| 0:24 | Create | Villager (Male) |
| 1:36 | Create | Villager (Male) |
| 1:36 | Create | Villager (Male) |
| 1:56 | Create | Villager (Male) |
| 1:56 | Create | Villager (Male) |
| 2:10 | Create | Villager (Male) |
| 2:10 | Create | Villager (Male) |
| 2:17 | Build | Lumber Camp |
| 3:13 | Create | Villager (Male) |
| 3:13 | Create | Villager (Male) |
| 3:15 | Build | House |
| 3:26 | Create | Villager (Male) |
| 3:26 | Create | Villager (Male) |
| 3:56 | Build | Barracks |
| 4:11 | Create | Villager (Male) |
| 4:12 | Create | Villager (Male) |
| 4:31 | Create | Villager (Male) |
| 4:32 | Create | Villager (Male) |
| 4:41 | Build | House |
| 4:56 | Research | Loom |
| 5:31 | Create | Villager (Male) |
| 5:31 | Create | Villager (Male) |
| 5:34 | Build | Mining Camp |
| 5:56 | Create | Villager (Male) |
| 6:08 | Create | Militia |
| 6:08 | Create | Militia |
| 6:20 | Create | Villager (Male) |
| 6:20 | Create | Villager (Male) |
| 6:40 | Create | Villager (Male) |
| 7:13 | Create | Villager (Male) |
| 7:13 | Create | Villager (Male) |
| 7:17 | Build | House |
| 7:18 | Build | House |
| 7:44 | Build | House |
| 8:05 | Create | Villager (Male) |
| 8:05 | Create | Villager (Male) |
| 8:05 | Create | Villager (Male) |
| 8:20 | Create | Militia |
| 8:21 | Create | Militia |
| 8:21 | Create | Militia |
| 9:31 | Create | Villager (Male) |
| 9:31 | Create | Villager (Male) |
| 9:31 | Create | Villager (Male) |
| 9:36 | Build | Mill |
| 9:53 | Create | Villager (Male) |
| 9:53 | Create | Villager (Male) |
| 10:15 | Create | Villager (Male) |
| 10:16 | Create | Villager (Male) |
| 10:36 | Create | Villager (Male) |
| 10:40 | Build | Farm |
| 10:41 | Build | Farm |
| 10:42 | Build | Farm |
| 10:43 | Build | Farm |
| 10:44 | Build | Farm |
| 10:46 | Create | Villager (Male) |
| 10:46 | Create | Villager (Male) |
| 11:13 | Build | House |
| 12:05 | Research | Feudal Age |
| 12:05 | Research | Feudal Age |
| 12:35 | Build | Palisade Wall |
| 12:37 | Build | Palisade Wall |
| 12:39 | Build | Palisade Wall |
| 12:40 | Build | Palisade Wall |
| 12:42 | Build | Palisade Wall |
| 13:07 | Build | Farm |
| 13:23 | Build | Palisade Wall |
| 13:45 | Build | Palisade Wall |
| 13:47 | Build | Palisade Wall |
| 13:48 | Build | Palisade Wall |
| 13:57 | Create | Villager (Male) |
| 14:09 | Age | Feudal Age |
| 14:16 | Build | Blacksmith |
| 14:20 | Build | Stable |
| 14:22 | Research | Double-Bit Axe |
| 14:23 | Research | Double-Bit Axe |
| 14:33 | Create | Villager (Male) |
| 14:51 | Create | Villager (Male) |
| 14:53 | Build | House |
| 14:57 | Build | Palisade Wall |
| 15:06 | Research | Bloodlines |
| 15:06 | Research | Bloodlines |
| 15:09 | Research | Scale Barding Armor |
| 15:14 | Build | Palisade Wall |
| 15:20 | Create | Villager (Male) |
| 15:34 | Create | Villager (Male) |
| 16:13 | Build | Farm |
| 16:14 | Create | Villager (Male) |
| 16:15 | Create | Scout Cavalry |
| 16:16 | Create | Scout Cavalry |
| 16:19 | Build | Stable |
| 16:24 | Build | Lumber Camp |
| 16:31 | Build | Farm |
| 16:56 | Create | Villager (Male) |
| 16:57 | Create | Villager (Male) |
| 17:05 | Build | Farm |
| 17:06 | Build | Farm |
| 17:08 | Build | Farm |
| 17:10 | Create | Villager (Male) |
| 17:13 | Create | Scout Cavalry |
| 17:14 | Create | Scout Cavalry |
| 17:14 | Create | Scout Cavalry |
| 17:34 | Create | Scout Cavalry |
| 17:34 | Create | Scout Cavalry |
| 17:53 | Build | Farm |
| 17:56 | Create | Scout Cavalry |
| 17:56 | Create | Scout Cavalry |
| 18:05 | Build | Farm |
| 18:05 | Build | Farm |
| 18:06 | Build | Farm |
| 18:06 | Build | Farm |
| 18:06 | Build | Farm |
| 18:27 | Create | Scout Cavalry |
| 18:27 | Create | Scout Cavalry |
| 18:34 | Build | Farm |
| 18:35 | Build | Farm |
| 18:59 | Create | Scout Cavalry |
| 19:02 | Create | Scout Cavalry |
| 19:02 | Create | Scout Cavalry |
| 19:21 | Create | Scout Cavalry |
| 19:24 | Create | Villager (Male) |
| 19:37 | Create | Villager (Male) |
| 19:37 | Create | Villager (Male) |
| 19:48 | Build | Market |
| 19:50 | Build | House |
| 20:04 | Create | Villager (Male) |
| 20:10 | Build | House |
| 20:19 | Create | Villager (Male) |
| 20:20 | Create | Villager (Male) |
| 20:20 | Create | Villager (Male) |
| 20:28 | Build | House |
| 20:30 | Build | House |
| 20:45 | Create | Scout Cavalry |
| 20:48 | Build | House |
| 20:51 | Build | Palisade Wall |
| 20:59 | Research | Horse Collar |
| 20:59 | Research | Horse Collar |
| 21:09 | Create | Villager (Male) |
| 21:29 | Research | Forging |
| 21:47 | Build | Farm |
| 21:48 | Build | Farm |
| 22:08 | Create | Villager (Male) |
| 22:11 | Create | Scout Cavalry |
| 22:11 | Create | Scout Cavalry |
Build order — Dkastro
First 150 of 253 actions detected
| 0:00 | Create | Villager (Male) |
| 0:00 | Create | Villager (Male) |
| 0:01 | Build | House |
| 0:02 | Build | House |
| 0:05 | Create | Villager (Male) |
| 0:08 | Create | Villager (Male) |
| 1:14 | Create | Villager (Male) |
| 2:07 | Create | Villager (Male) |
| 2:13 | Create | Villager (Male) |
| 2:16 | Create | Villager (Male) |
| 2:47 | Create | Villager (Male) |
| 2:53 | Build | Lumber Camp |
| 3:16 | Build | House |
| 3:23 | Create | Villager (Male) |
| 3:44 | Create | Villager (Male) |
| 4:16 | Create | Villager (Male) |
| 4:16 | Create | Villager (Male) |
| 4:33 | Create | Villager (Male) |
| 5:08 | Build | Palisade Wall |
| 5:11 | Build | Palisade Wall |
| 5:25 | Build | Mill |
| 5:26 | Create | Villager (Male) |
| 5:41 | Build | Palisade Wall |
| 5:57 | Create | Villager (Male) |
| 6:18 | Create | Villager (Male) |
| 6:34 | Research | Loom |
| 6:54 | Build | Palisade Wall |
| 6:56 | Build | Palisade Wall |
| 6:59 | Build | Palisade Wall |
| 7:32 | Build | Palisade Wall |
| 7:34 | Research | Feudal Age |
| 7:42 | Build | Farm |
| 7:58 | Create | Villager (Male) |
| 8:02 | Build | Farm |
| 8:04 | Build | Farm |
| 8:06 | Create | Villager (Male) |
| 8:26 | Build | House |
| 8:56 | Build | Barracks |
| 9:35 | Build | Palisade Wall |
| 9:44 | Age | Feudal Age |
| 9:58 | Build | Stable |
| 10:04 | Create | Villager (Male) |
| 10:10 | Create | Villager (Male) |
| 10:24 | Build | Palisade Wall |
| 10:34 | Build | Farm |
| 10:37 | Create | Villager (Male) |
| 10:38 | Create | Scout Cavalry |
| 10:39 | Create | Scout Cavalry |
| 10:55 | Create | Villager (Male) |
| 10:56 | Build | Farm |
| 10:59 | Create | Scout Cavalry |
| 11:06 | Build | Farm |
| 11:09 | Create | Scout Cavalry |
| 11:20 | Build | Farm |
| 11:28 | Build | House |
| 11:53 | Create | Villager (Male) |
| 11:55 | Build | Farm |
| 11:58 | Build | Farm |
| 12:02 | Create | Scout Cavalry |
| 12:17 | Create | Villager (Male) |
| 12:21 | Create | Scout Cavalry |
| 12:39 | Create | Scout Cavalry |
| 12:50 | Build | House |
| 12:52 | Build | Farm |
| 13:06 | Create | Scout Cavalry |
| 13:08 | Create | Villager (Male) |
| 13:12 | Build | House |
| 13:14 | Build | Farm |
| 13:28 | Create | Villager (Male) |
| 13:31 | Build | Farm |
| 13:37 | Build | Farm |
| 13:40 | Build | Farm |
| 13:42 | Create | Scout Cavalry |
| 13:55 | Create | Villager (Male) |
| 14:09 | Build | Mining Camp |
| 14:19 | Create | Villager (Male) |
| 14:22 | Research | Double-Bit Axe |
| 14:22 | Research | Double-Bit Axe |
| 14:42 | Create | Villager (Male) |
| 14:54 | Create | Villager (Male) |
| 15:10 | Create | Villager (Male) |
| 15:12 | Build | House |
| 15:41 | Build | Archery Range |
| 15:55 | Create | Villager (Male) |
| 16:17 | Build | House |
| 16:23 | Create | Scout Cavalry |
| 16:31 | Create | Villager (Male) |
| 16:34 | Create | Archer |
| 16:42 | Create | Scout Cavalry |
| 16:53 | Create | Archer |
| 17:02 | Build | Watch Tower |
| 17:06 | Create | Villager (Male) |
| 17:09 | Create | Villager (Male) |
| 17:12 | Create | Archer |
| 17:14 | Create | Archer |
| 17:17 | Create | Villager (Male) |
| 17:21 | Build | Farm |
| 17:22 | Create | Villager (Male) |
| 17:25 | Create | Scout Cavalry |
| 17:37 | Create | Archer |
| 17:45 | Create | Archer |
| 17:47 | Create | Scout Cavalry |
| 17:52 | Create | Scout Cavalry |
| 17:54 | Build | Farm |
| 17:55 | Create | Villager (Male) |
| 18:05 | Create | Villager (Male) |
| 18:11 | Create | Scout Cavalry |
| 18:14 | Create | Scout Cavalry |
| 18:24 | Create | Spearman |
| 18:35 | Create | Scout Cavalry |
| 18:43 | Build | Farm |
| 18:45 | Create | Villager (Male) |
| 18:47 | Build | Lumber Camp |
| 18:50 | Create | Villager (Male) |
| 18:52 | Build | Blacksmith |
| 18:55 | Create | Spearman |
| 18:59 | Create | Scout Cavalry |
| 19:02 | Research | Bloodlines |
| 19:12 | Create | Spearman |
| 19:16 | Create | Spearman |
| 19:23 | Create | Scout Cavalry |
| 19:26 | Create | Villager (Male) |
| 19:30 | Build | House |
| 19:33 | Create | Villager (Male) |
| 19:34 | Build | Palisade Wall |
| 19:36 | Create | Scout Cavalry |
| 19:37 | Create | Scout Cavalry |
| 19:43 | Research | Forging |
| 19:44 | Create | Scout Cavalry |
| 19:59 | Build | Farm |
| 20:01 | Build | Farm |
| 20:02 | Create | Villager (Male) |
| 20:12 | Create | Spearman |
| 20:17 | Create | Villager (Male) |
| 20:18 | Build | Farm |
| 20:24 | Build | Farm |
| 20:26 | Build | Farm |
| 20:27 | Build | Farm |
| 20:35 | Create | Spearman |
| 20:37 | Build | House |
| 20:44 | Build | Farm |
| 20:46 | Create | Villager (Male) |
| 21:00 | Create | Villager (Male) |
| 21:01 | Build | Farm |
| 21:05 | Build | House |
| 21:06 | Build | Palisade Wall |
| 21:09 | Build | Palisade Wall |
| 21:12 | Create | Scout Cavalry |
| 21:15 | Build | Farm |
| 21:31 | Create | Scout Cavalry |
Match timeline
| 3:56 | eduv · first_building Barracks |
| 5:08 | Dkastro · wall_segment Palisade Wall x2 |
| 5:11 | Dkastro · wall_segment Palisade Wall x3 |
| 5:41 | Dkastro · wall_segment Palisade Wall x4 |
| 6:54 | Dkastro · wall_segment Palisade Wall x1 |
| 6:56 | Dkastro · wall_segment Palisade Wall x1 |
| 6:59 | Dkastro · wall_segment Palisade Wall x1 |
| 7:32 | Dkastro · wall_segment Palisade Wall x1 |
| 8:56 | Dkastro · first_building Barracks |
| 9:35 | Dkastro · wall_segment Palisade Wall x1 |
| 9:44 | Dkastro · age_up feudal |
| 9:58 | Dkastro · first_building Stable |
| 10:24 | Dkastro · wall_segment Palisade Wall x1 |
| 12:35 | eduv · wall_segment Palisade Wall x1 |
| 12:37 | eduv · wall_segment Palisade Wall x1 |
| 12:39 | eduv · wall_segment Palisade Wall x1 |
| 12:40 | eduv · wall_segment Palisade Wall x1 |
| 12:42 | eduv · wall_segment Palisade Wall x1 |
| 13:23 | eduv · wall_segment Palisade Wall x1 |
| 13:45 | eduv · wall_segment Palisade Wall x1 |
| 13:47 | eduv · wall_segment Palisade Wall x1 |
| 13:48 | eduv · wall_segment Palisade Wall x1 |
| 14:09 | eduv · age_up feudal |
| 14:20 | eduv · first_building Stable |
| 14:57 | eduv · wall_segment Palisade Wall x1 |
| 15:14 | eduv · wall_segment Palisade Wall x1 |
| 15:41 | Dkastro · first_building Archery Range |
| 19:34 | Dkastro · wall_segment Palisade Wall x7 |
| 20:51 | eduv · wall_segment Palisade Wall x8 |
| 21:06 | Dkastro · wall_segment Palisade Wall x1 |
| 21:09 | Dkastro · wall_segment Palisade Wall x1 |
| 21:47 | Dkastro · wall_segment Palisade Wall x1 |
| 24:28 | eduv · first_market_sell 100 stone |
| 24:29 | eduv · first_market_buy 100 food |
| 27:28 | Dkastro · wall_segment Palisade Wall x5 |
| 28:07 | eduv · age_up castle |
| 28:15 | Dkastro · first_market_buy 100 food |
| 29:14 | eduv · first_building Siege Workshop |
| 29:15 | Dkastro · resign |
[ AI ANALYSIS · 1 CREDIT ]
What really happened in this match?
Wolo.gg analyzes every decision: build order, eco, micro, common mistakes by bracket. Personalized analysis on WhatsApp or Discord in 30 seconds.
Civ guide
Persians
Perfil
Jugador #631884